 Dungeon Crawl Stone Soup version 0.18-b1-18-g7758cf2 (webtiles) character file.

8653 Chiseanne the Thaumaturge (level 11, -3/68 HPs)
             Began as a Demonspawn Wizard on May 2, 2016.
             Was an Initiate of Gozag.
             Slain by Snorg (14 damage)
             ... on level 11 of the Dungeon.
             The game lasted 00:51:41 (12998 turns).

Chiseanne the Thaumaturge (Demonspawn Wizard)      Turns: 12998, Time: 00:51:42

Health: -3/68      AC:  9    Str: 12    XL:     11   Next: 12%
Magic:  0/26       EV: 11    Int: 23    God:    Gozag
Gold:   338        SH:  0    Dex: 12    Spells: 8 memorised, 14 levels left

rFire  . . .     SeeInvis .     e - +7 arbalest of Might {elec, rC+}
rCold  + . .     Gourm    .     G - +1 leather armour {rN+}
rNeg   + . .     Faith    .     (shield currently unavailable)
rPois  +         Spirit   +     V - +2 helmet
rElec  .         Dismiss  +     A - +0 cloak
rCorr  .         Reflect  .     t - +0 pair of gloves
SustAt .         Harm     .     (no boots)
MR     .....                    f - amulet of dismissal
Stlth  ++........               O - +5 ring of strength
                                p - ring of poison resistance

@: not resistant to hostile enchantments, unstealthy
A: spiny 2, magic shield
a: Potion Petition, Call Merchant, Bribe Branch, Renounce Religion


You were on level 11 of the Dungeon.
You worshipped Gozag.
Gozag was noncommittal.
You were not hungry.

You visited 2 branches of the dungeon, and saw 12 of its levels.

You collected 2241 gold pieces.
You spent 1452 gold pieces at shops.
You paid 451 gold pieces to Gozag.

Inventory:

Hand Weapons
 a - a +3 mace of protection
 b - a +2 dagger of venom
 e - the +7 arbalest of Might (weapon) {elec, rC+}
   (You found it on level 10 of the Dungeon)

   It charges the ammunition it shoots with electricity; occasionally upon a
   hit, such missiles may discharge and cause terrible harm.
   It protects you from cold.
 o - a +3 quarterstaff of chaos
 s - the +3 mace of Dogump {flame, MP+9}
   (You bought it in a shop on level 5 of the Dungeon)

   It has been specially enchanted to burn those struck by it, causing extra
   injury to most foes and up to half again as much damage against particularly
   susceptible opponents.
   It affects your magic capacity (+9).
 w - the +8 blowgun "Daovvyek" {evade, Str+4}
   (You found it on level 10 of the Dungeon)

   It affects your evasion (+5 to EV).
   It affects your strength (+4).
 E - a +0 scimitar of protection
Missiles
 m - 280 arrows
 n - 31 bolts (quivered)
 y - 38 sling bullets
 I - 391 stones
 N - 25 poisoned needles
 P - 8 tomahawks
Armour
 t - a +0 pair of gloves (worn)
 A - a +0 cloak (worn)
 D - a +0 leather armour of poison resistance
 G - a +1 leather armour of positive energy (worn)
 V - a +2 helmet (worn)
Magical Staves
 Q - an uncursed staff of wizardry
Jewellery
 f - an amulet of dismissal (around neck)
 p - a ring of poison resistance (left hand)
 x - an uncursed amulet of faith {unknown}
 H - a +4 ring of intelligence
 O - a +5 ring of strength (right hand)
 U - a +3 ring of protection {unknown}
Wands
 j - a wand of flame (33/48)
 C - a wand of disintegration (12/24)
 R - a wand of polymorph (7/24)
 S - a wand of confusion (19/48)
Scrolls
 d - 3 scrolls of remove curse
Potions
 g - 2 potions of might
 h - 2 potions of haste
 i - 6 potions of agility
 k - 2 potions of mutation {unknown}
 r - 2 potions of heal wounds {unknown}
 v - 4 potions of curing
 z - 3 potions of cancellation
 B - a potion of invisibility {unknown}
 F - 2 potions of brilliance
 L - a potion of magic {unknown}
 M - 2 potions of lignification
 W - 2 potions of resistance
Books
 c - a book of Minor Magic

   Spells                             Type                      Level
   a - Magic Dart                     Conjuration                  1
   b - Blink                          Translocation                2
   c - Call Imp                       Summoning                    2
   d - Repel Missiles                 Charms/Air                   2
   e - Slow                           Hexes                        2
   f - Conjure Flame                  Conjuration/Fire             3
   g - Mephitic Cloud                 Conjuration/Poison/Air       3
 q - a book of Debilitation

   Spells                             Type                      Level
   a - Corona                         Hexes                        1
   b - Slow                           Hexes                        2
   c - Gell's Gravitas                Hexes/Translocation          3
   d - Inner Flame                    Hexes/Fire                   3
   e - Cause Fear                     Hexes                        4
   f - Leda's Liquefaction            Hexes/Earth                  4
 K - Sif Muna's Handbook of Summoning and Evil
   (You found it on level 8 of the Dungeon)

   Spells                             Type                      Level
   a - Vampiric Draining              Necromancy                   3
   b - Summon Ice Beast               Ice/Summoning                4
   c - Simulacrum                     Ice/Necromancy               6
   d - Summon Hydra                   Summoning                    7
 T - a book of Beasts

   Spells                             Type                      Level
   a - Summon Butterflies             Summoning                    1
   b - Call Canine Familiar           Summoning                    3
   c - Summon Ice Beast               Ice/Summoning                4
   d - Summon Mana Viper              Hexes/Summoning              5
   e - Summon Hydra                   Summoning                    7
Comestibles
 l - 2 meat rations
 u - a royal jelly
 J - 2 bread rations


   Skills:
 + Level 3.1 Crossbows
 - Level 1.7 Dodging
 - Level 1.7 Stealth
 - Level 11.3 Spellcasting
 - Level 10.1 Conjurations
   Level 1.0 Summonings
 - Level 0.8 Translocations
 - Level 5.8 Fire Magic


You had 14 spell levels left.
You knew the following spells:

 Your Spells              Type           Power        Failure   Level  Hunger
a - Magic Dart            Conj           ####         1%          1    None
b - Blink                 Tloc           N/A          10%         2    None
c - Conjure Flame         Conj/Fire      #####...     1%          3    None
d - Mephitic Cloud        Conj/Pois/Air  ####....     6%          3    None
e - Repel Missiles        Chrm/Air       ##....       12%         2    None
f - Apportation           Tloc           ###.......   6%          1    None
g - Inner Flame           Hex/Fire       ####....     8%          3    None
h - Vampiric Draining     Necr           ##........   21%         3    None


Dungeon Overview and Level Annotations

Branches:
Dungeon (11/15)            Temple (1/1) D:4            Lair (0/8) D:9
    Orc: D:9-12

Altars:
Ashenzari
Cheibriados
Elyvilon
Gozag
Kikubaaqudgha
Makhleb
Nemelex Xobeh
Pakellas
Ru
Sif Muna
Trog
Vehumet
Xom

Shops:
D:5 (}   D:6 !   D:10 [

Annotations:
D:1 exclusion: downstairs
D:8 Wooh's ghost, novice DrGl
D:9 barb4r1an's ghost, novice HOFi
D:11 Snorg


Innate Abilities, Weirdness & Mutations

You are mostly covered in sharp spines.
When hurt, damage is shared between your health and your magic reserves.


Message History

Snorg is severely wounded.
The orc throws a tomahawk of returning.
The tomahawk of returning closely misses you.
Snorg is struck by your spines. Snorg bites you!
* * * LOW HITPOINT WARNING * * *
Snorg barely misses you. Snorg closely misses you.
Casting: Blink
Confirm with . or Enter, or press ? or * to list all spells.
You blink.
Firing (i - inventory. (,) - cycle):
n - 32 bolts (quivered)
Press: ? - help, Shift-Dir - straight line, f/p - Snorg
Aim: Snorg (severely wounded, berserk, fast, unusually strong)
You shoot a bolt. The bolt hits Snorg!
Snorg is almost dead.
Snorg rages.
Snorg is struck by your spines. Snorg bites you!
* * * LOW HITPOINT WARNING * * *
Snorg claws you!
You die...
Your body crumbles into a pile of gold.

#...o#...#.#.....#..#.....
#....+...#.#.....#..'.....
##....#..§#.#.....#..######
#.....# §.#.#.....#........
#.....###§#.#.....#........
#....(.(....##'####........
#.......(...........#######
#........T..........# #
............@########.# #
.............# #.#
...###.......# #.# ###
######### #.# ###


You could see Snorg (berserk).

Vanquished Creatures
  Erolcha (D:8)
  A gargoyle (D:10)
  2 trolls
  Prince Ribbit (D:5)
  A wyvern (D:11)
  4 yaks
  A wraith (D:10)
  Eustachio (D:9)
  A hungry ghost (D:8)
  A hog (D:7)
  A human (D:7)
  A steam dragon (D:9)
  2 hippogriffs
  2 wargs (D:9)
  The ghost of skk the Ruffian, an amateur VSMo (D:3)
  Duvessa (D:5)
  6 orc warriors
  2 necrophages
  2 sky beasts
  3 ice beasts
  2 black bears
  An ogre (D:7)
  6 centaurs
  A crocodile (D:11)
  2 big kobolds (D:8)
  2 gnoll sergeants (D:9)
  2 giant frogs (D:8)
  Blork the orc (D:9)
  Dowan (D:5)
  3 killer bees (D:10)
  5 wights
  5 howler monkeys
  A giant frog zombie (D:7)
  5 crimson imps
  6 hounds
  A quasit (D:8)
  2 centaur skeletons
  4 orc priests
  Crazy Yiuf (D:5)
  2 giant frog skeletons
  2 jellies
  4 iguanas
  5 orc wizards
  11 worker ants
  3 sheep (D:7)
  A killer bee zombie (D:7)
  A howler monkey zombie (D:5)
  A mummy (D:9)
  8 gnolls
  13 adders
  4 shadow imps
  An adder zombie (D:3)
  A worm (D:3)
  3 dart slugs
  A giant gecko (D:5)
  29 orcs
  7 bats
  5 giant cockroaches
  4 goblins
  5 hobgoblins
  9 jackals
  7 quokkas
  4 ball pythons
  7 giant newts
  19 kobolds
  8 rats
251 creatures vanquished.

Vanquished Creatures (collateral kills)
  A killer bee (D:10)
1 creature vanquished.

Vanquished Creatures (others)
  A komodo dragon (D:8)
1 creature vanquished.

Grand Total: 253 creatures vanquished

Notes
Turn   | Place    | Note
--------------------------------------------------------------
     0 | D:1      | Chiseanne the Demonspawn Wizard began the quest for the Orb.
     0 | D:1      | Reached XP level 1. HP: 13/13 MP: 4/4
   545 | D:1      | Gained mutation: When hurt, damage is shared between your health and your magic reserves. [demonic ancestry]
   545 | D:1      | Reached XP level 2. HP: 19/19 MP: 0/6
  1211 | D:2      | Found a sparkling altar of Nemelex Xobeh.
  1377 | D:2      | Gained mutation: You are partially covered in sharp spines. [demonic ancestry]
  1377 | D:2      | Reached XP level 3. HP: 24/24 MP: 0/8
  1634 | D:2      | Found a shattered altar of Ashenzari.
  1682 | D:2      | Found an opulent altar of Gozag.
  1691 | D:2      | Became a worshipper of Gozag Ym Sagoz the Greedy
  2017 | D:3      | Reached XP level 4. HP: 30/30 MP: 7/9
  2026 | D:3      | Reached skill level 4 in Spellcasting
  2307 | D:3      | Reached XP level 5. HP: 35/35 MP: 9/11
  2373 | D:3      | Noticed skk's ghost (amateur VSMo)
  2524 | D:3      | Noticed a sky beast
  2528 | D:3      | Killed skk's ghost
  2578 | D:3      | Killed a sky beast
  2578 | D:3      | Reached skill level 5 in Spellcasting
  2578 | D:3      | Gained mutation: You are mostly covered in sharp spines. [demonic ancestry]
  2578 | D:3      | Reached XP level 6. HP: 7/41 MP: 1/13
  3305 | D:4      | Found a staircase to the Ecumenical Temple.
  3373 | Temple   | Entered the Ecumenical Temple
  3607 | D:4      | Learned a level 2 spell: Blink
  3611 | D:4      | Learned a level 3 spell: Conjure Flame
  3615 | D:4      | Learned a level 3 spell: Mephitic Cloud
  3666 | D:4      | Reached skill level 5 in Conjurations
  3835 | D:4      | Learned a level 2 spell: Repel Missiles
  4055 | D:4      | Found a white marble altar of Elyvilon.
  4192 | D:5      | Entered Level 5 of the Dungeon
  4203 | D:5      | Reached XP level 7. HP: 46/46 MP: 12/15
  4446 | D:5      | Reached skill level 6 in Spellcasting
  4461 | D:5      | Found a sacrificial altar of Ru.
  4576 | D:5      | Noticed Prince Ribbit
  4586 | D:5      | Killed Prince Ribbit
  4713 | D:5      | Noticed Duvessa
  4720 | D:5      | Noticed Dowan
  4722 | D:5      | Killed Duvessa
  4722 | D:5      | Reached XP level 8. HP: 52/52 MP: 7/18
  4727 | D:5      | Killed Dowan
  4876 | D:5      | Reached skill level 7 in Spellcasting
  4957 | D:5      | Found Yblauf's Quality Used Wands.
  5210 | D:5      | Bought a +3 mace of protection for 329 gold pieces
  5291 | D:5      | Noticed Crazy Yiuf
  5297 | D:5      | Killed Crazy Yiuf
  5899 | D:6      | Found Rurubu's Distillery.
  5909 | D:6      | Bought a potion of curing for 33 gold pieces
  5909 | D:6      | Bought a potion of brilliance for 44 gold pieces
  5909 | D:6      | Bought a potion of agility for 44 gold pieces
  6231 | D:7      | Found a deep blue altar of Sif Muna.
  6472 | D:7      | Reached skill level 8 in Spellcasting
  6473 | D:7      | Reached XP level 9. HP: 38/57 MP: 14/21
  7100 | D:8      | Learned a level 1 spell: Apportation
  7117 | D:8      | Found an oddly glowing altar of Pakellas.
  7117 | D:8      | Noticed an orange crystal statue
  7118 | D:8      | Noticed a komodo dragon
  7132 | D:8      | Killed a komodo dragon
  7253 | D:8      | Noticed Wooh's ghost (novice DrGl)
  7682 | D:8      | Noticed Erolcha
  7706 | D:8      | Killed Erolcha
  7706 | D:8      | Reached skill level 9 in Spellcasting
  7778 | D:8      | Learned a level 3 spell: Inner Flame
  8041 | D:8      | Reached skill level 10 in Conjurations
  8083 | D:8      | Identified Sif Muna's Handbook of Summoning and Evil (You found it on level 8 of the Dungeon)
  8103 | D:8      | Learned a level 3 spell: Vampiric Draining
  8282 | D:8      | Reached skill level 1 in Fire Magic
  8282 | D:8      | Reached XP level 10. HP: 63/63 MP: 15/23
  8527 | D:5      | Bought the +3 mace of Dogump {flame, MP+9} for 438 gold pieces
  8590 | D:6      | Bought a potion of cancellation for 88 gold pieces
  8590 | D:6      | Bought a potion of curing for 33 gold pieces
  8590 | D:6      | Bought a potion of lignification for 33 gold pieces
  8590 | D:6      | Bought a potion of lignification for 33 gold pieces
  8657 | D:9      | Noticed Eustachio
  8657 | D:9      | Noticed Blork the orc
  8810 | D:9      | Found a snail-covered altar of Cheibriados.
  8840 | D:9      | Reached skill level 10 in Spellcasting
  9550 | D:9      | Found a staircase to the Lair.
 10021 | D:9      | Noticed barb4r1an's ghost (novice HOFi)
 10684 | D:9      | Killed Eustachio
 10933 | D:9      | Killed Blork the orc
 10997 | D:9      | Reached skill level 5 in Fire Magic
 11228 | D:9      | Reached skill level 11 in Spellcasting
 11307 | D:9      | Found an ancient bone altar of Kikubaaqudgha.
 11308 | D:9      | Found a shimmering altar of Xom.
 11506 | D:10     | Entered Level 10 of the Dungeon
 11513 | D:10     | Got an ebony blowgun
 11514 | D:10     | Identified the +8 blowgun "Daovvyek" {evade, Str+4} (You found it on level 10 of the Dungeon)
 11700 | D:10     | Got an ancient arbalest
 11706 | D:10     | Identified the +7 arbalest of Might {elec, rC+} (You found it on level 10 of the Dungeon)
 11825 | D:10     | Noticed a gargoyle
 11833 | D:10     | Killed a gargoyle
 12122 | D:10     | Found Rekempif's Antique Armour Shoppe.
 12141 | D:10     | Bought a runed helmet for 157 gold pieces
 12182 | D:10     | Reached skill level 1 in Crossbows
 12182 | D:10     | Reached XP level 11. HP: 68/68 MP: 26/26
 12509 | D:6      | Bought 2 potions of resistance for 220 gold pieces
 12805 | D:11     | Noticed a purple ugly thing
 12988 | D:11     | Noticed Snorg
 12998 | D:11     | Slain by Snorg

Skill      XL: |  1  2  3  4  5  6  7  8  9 10 11 |
---------------+----------------------------------+-----
Conjurations   | 2 3 4 5 6 8 10 | 10.1
Spellcasting   | 4 5 6 8 9 11 | 11.3
Fire Magic     | 1 5 |  5.8
Crossbows      | 1 3 |  3.1
Dodging        | |  1.7
Stealth        | |  1.7
Summonings     | |  1.0
Translocations | |  0.8

Action                   |  1- 3 |  4- 6 |  7- 9 | 10-12 || total
-------------------------+-------+-------+-------+-------++-------
Melee: Spear             |    28 |   116 |     6 |       ||   150
       Unarmed           |     2 |       |       |       ||     2
       Mace              |       |       |   115 |    71 ||   186
       Arbalest          |       |       |       |     1 ||     1
 Fire: Arbalest          |       |       |       |    67 ||    67
       Blowgun           |       |       |       |    26 ||    26
 Cast: Magic Dart        |    45 |    24 |   141 |   208 ||   418
       Repel Missiles    |       |     1 |       |     1 ||     2
       Conjure Flame     |       |       |    10 |    21 ||    31
       Mephitic Cloud    |       |       |    10 |    21 ||    31
       Inner Flame       |       |       |       |     4 ||     4
       Blink             |       |       |       |    16 ||    16
Invok: Call Merchant     |       |       |     1 |       ||     1
Evoke: Wand              |       |     1 |    12 |     2 ||    15
  Use: Scroll            |     3 |     9 |     3 |       ||    15
       Potion            |       |     2 |       |     1 ||     3
 Stab: Sleeping          |     2 |     2 |     1 |       ||     5
       Confused          |       |       |     3 |     1 ||     4
  Eat: Chunk             |     2 |       |       |       ||     2
       Bread ration      |     1 |     1 |     1 |     1 ||     4
       Beef jerky        |       |     1 |     4 |       ||     5
       Pizza             |       |       |     1 |     6 ||     7
Armor: Robe              |     7 |       |       |       ||     7
       Leather armour    |     1 |    14 |    62 |    35 ||   112
       Skin              |       |    16 |       |    13 ||    29
Dodge: Dodged            |    20 |    38 |   107 |    81 ||   246
       Deflected         |       |       |     1 |     1 ||     2
